 Dungeon Crawl Stone Soup version 0.31-a0-237-g2d982f9f85 (webtiles) character file.

Game seed: 15116951969727911600

90 qw the Shooter (level 4, 0/26 HPs)
             Began as a Gargoyle Hexslinger on July 10, 2023.
             Killed from afar by an orc wizard (6 damage)
             ... with a magic dart
             ... on level 3 of the Dungeon.
             The game lasted 00:00:46 (1942 turns).

qw the Shooter (Gargoyle Hexslinger)                Turns: 1942, Time: 00:00:47

Health: 0/26       AC:  8    Str: 11    XL:     4   Next: 56%
Magic:  5/5        EV: 10    Int: 14    God:
Gold:   85         SH:  0    Dex: 14    Spells: 4/5 levels left

rFire   . . .        Y - +1 shortbow
rCold   . . .        (shield currently unavailable)
rNeg    + . .        g - +0 ring mail
rPois   inf          (no helmet)
rElec   +            (no cloak)
rCorr   +            (no gloves)
SInv    .            (no boots)
Will    .....        (no amulet) Stlth
                     c - ring of resist corrosion
HPRegen 0.24/turn    (no ring)
MPRegen 0.09/turn

%: no passive effects
@: confused
A: sickness immunity, AC +3, negative energy resistance 1, electricity
resistance, torment resistance 1, petrification resistance
a: no special abilities


You were on level 3 of the Dungeon.
You visited 1 branch of the dungeon, and saw 3 of its levels.

You collected 85 gold pieces.


Innate Abilities, Weirdness & Mutations

You are immune to sickness and miasma.
Your stone body is resilient. (AC +3)
You are immune to poison.
You resist negative energy. (rN+)
You are resistant to electric shocks. (rElec)
You are resistant to unholy torment.
You are immune to petrification.


   Skills:
 - Level 2.0 Fighting
 + Level 4.1 Ranged Weapons
 - Level 1.2 Armour
 - Level 1.5 Dodging
 - Level 1.0 Spellcasting
 - Level 2.6 Hexes


You had 4 spell levels left.
You knew the following spells:

 Your Spells              Type           Power      Damage    Failure   Level
a - Slow                  Hex            32%        N/A       21%         1

Your spell library contained the following spells:

 Spells                   Type           Power      Damage    Failure   Level
 Inner Flame              Hex/Fire       4%         N/A       71%         3
 Portal Projectile        Hex/Tloc       8%         N/A       71%         3
 Cause Fear               Hex            4%         N/A       90%         4

Inventory:

Hand Weapons
 Y - a +1 shortbow (weapon)
Armour
 g - a +0 ring mail (worn)
Jewellery
 c - a ring of resist corrosion (left hand)
Scrolls
 a - a scroll of teleportation
 d - 3 scrolls of identify {unknown}
Potions
 b - a potion of magic {unknown}
 e - a potion of heal wounds {unknown}
 f - a potion of haste {unknown}

Dungeon Overview and Level Annotations

Branches:
Dungeon (3/15)

Altars:


Message History

The orc hits you but does no damage.
You shoot an arrow. The arrow closely misses the orc.
The orc hits you but does no damage. Something hits you but does no damage.
You shoot an arrow. The arrow closely misses the orc.
The orc barely misses you. Something hits you but does no damage.
The orc hits you with a +0 flail. Something hits you but does no damage.
You shoot an arrow. The arrow hits the orc.
The orc is heavily wounded.
The orc barely misses you. Something hits you but does no damage.
You shoot an arrow. The arrow hits the orc.
You kill the orc!
Something hits you but does no damage.
You shoot an arrow.
You hear some strange, mumbled words.
Something tries to affect you, but you resist.
You hear some strange, mumbled words.
A puff of flame appears from out of thin air!
The puff of flame hits you.
You shoot an arrow.
You hear some strange, mumbled words.
Something tries to affect you, but you resist.
You shoot an arrow. Something hits you.
You shoot an arrow.
You hear some strange, mumbled words.
A magic dart appears from out of thin air!
The magic dart hits you.
You hear some strange, mumbled words.
A magic dart appears from out of thin air!
The magic dart hits you.
You shoot an arrow. Something hits you.
You shoot an arrow.
You hear some strange, mumbled words.
You are confused.
You shoot an arrow.
You hear some strange, mumbled words.
A magic dart appears from out of thin air!
The magic dart hits you.
You die...

.##.##............
.##.........######.#
## .##..#.....[#
.#.. ~~##.#......#
.#. ~~~#.#......#
#.. .~~#.#.#'####
..## .~~#...#.# )..
.~~#.###.# ###{#
.~##.....# #.@)#
.###.#.#.### #.###
.# #.....## #.# .#
####...###.#######
.. ##.....>.......
## #.############ ##
#.. .. #### ##


There were no monsters in sight!

Vanquished Creatures
  2 adders
  A shadow imp (D:3)
  2 worms (D:3)
  2 orcs (D:3)
  5 endoplasms
  3 giant cockroaches
  2 goblins (D:1)
  5 hobgoblins
  2 jackals (D:2)
  9 kobolds
  2 quokkas
  4 ball pythons
  A bat (D:1)
  5 frilled lizards
  8 rats
53 creatures vanquished.

Notes
Turn   | Place    | Note
-------+----------+-------------------------------------------
     0 | D:1      | qw the Gargoyle Hexslinger began the quest for the Orb.
     0 | D:1      | Reached XP level 1. HP: 12/12 MP: 2/2
     0 | D:1      | 0 ||| qw: Version: 0.3-a-52-g30416fa
     0 | D:1      | 0 ||| qw: Game counter: 5226
     0 | D:1      | 0 ||| qw: Melee chars always use a shield: true
     0 | D:1      | 0 ||| qw: God list: Okawaru
     0 | D:1      | 0 ||| qw: Allow faded altars: false
     0 | D:1      | 0 ||| qw: Do Orc after clearing Dungeon:15 true
     0 | D:1      | 0 ||| qw: Do second Lair branch before Depths: true
     0 | D:1      | 0 ||| qw: Lair rune preference: random
     0 | D:1      | 0 ||| qw: Goals: Normal
     0 | D:1      | 0 ||| PLANNING D:1-11
   102 | D:1      | Reached XP level 2. HP: 13/16 MP: 3/3
   163 | D:1      | 163 ||| SWAPPING to +0 shortbow.
   174 | D:1      | 174 ||| DROPPING +1 sling.
   194 | D:1      | Reached skill level 3 in Ranged Weapons
   203 | D:1      | Found a faded altar of an unknown god.
   602 | D:1      | Reached XP level 3. HP: 21/21 MP: 4/4
   711 | D:1      | 711 ||| UPGRADING to +0 ring mail.
   721 | D:1      | 721 ||| DROPPING +0 robe.
   722 | D:1      | 722 ||| READING scroll labelled ZOSAEKI JUANIV.
   723 | D:1      | 723 ||| READING scroll labelled NEERUTE GOHAP.
   724 | D:1      | 724 ||| READING scroll labelled QENOHUAMUQEO.
   725 | D:1      | 725 ||| DROPPING scroll of poison.
  1693 | D:2      | 1693 ||| UPGRADING to ring of resist corrosion.
  1694 | D:2      | 1694 ||| READING scroll labelled TADARY ZYJYIGAIL.
  1695 | D:2      | 1695 ||| READING scroll labelled JEDDEDOUNYM.
  1700 | D:2      | 1700 ||| READING scroll labelled MINKEKL BIGHIA.
  1757 | D:3      | Reached XP level 4. HP: 18/26 MP: 5/5
  1759 | D:3      | Reached skill level 4 in Ranged Weapons
  1912 | D:3      | 1912 ||| Stepping ~*~*~tactically~*~*~ (outnumbered).
  1916 | D:3      | Reached skill level 1 in Armour
  1939 | D:3      | HP: 6/26 [something/magic dart (2)]
  1942 | D:3      | Killed from afar by an orc wizard

Levels and vault maps discovered:
D:1:      roderic_crossed_star, layout_basic, hellmonk_ecumenical_altar_lost_god
D:2:      layout_basic
D:3:      cheibrodos_helix_gallery, layout_basic, kiku_gazebo_pond_becter

Skill      XL: |  1  2  3  4 |
---------------+-------------+-----
Ranged Weapons | 3 4 |  4.1
Fighting       | 2 |  2.0
Armour         | 1 |  1.2
Dodging        | |  1.5
Spellcasting   | |  1.0
Hexes          | |  2.6

Action                     |  1- 3 |  4- 6 || total
---------------------------+-------+-------++-------
   Fire: Sling             |    20 |       ||    20
         Shortbow          |   125 |    48 ||   173
    Use: Scroll            |     6 |       ||     6
 Armour: Robe              |    11 |       ||    11
         Ring mail         |    19 |    14 ||    33
  Dodge: Dodged            |    36 |     8 ||    44

Table legend:
 A = Non-vault XP
 B = Vault XP
 C = Vault XP percentage of total XP
 D = Non-vault monster count
 E = Vault monster count
 F = Vault count percentage of total count
                 A         B        C        D         E       F
            +---------+---------+-------+---------+---------+-------
      Total |     116 |      13 |  10.1 |      51 |       2 |   3.8
            +---------+---------+-------+---------+---------+-------
        D:1 |      38 |       0 |   0.0 |      23 |       0 |   0.0
        D:2 |      39 |       0 |   0.0 |      17 |       0 |   0.0
        D:3 |      39 |      13 |  25.0 |      11 |       2 |  15.4
            +---------+---------+-------+---------+---------+-------
